 Dungeon Crawl Stone Soup version 0.25.0-46-gbd7b0854d2 (webtiles) character file.

Game seed: 3438205177494310191

20 Descartes the Firebug (level 2, -2/15 HPs)
             Began as a Deep Elf Wanderer on July 14, 2020.
             Slain by a kobold
             ... wielding a +0 whip
              (6 damage)
             ... on level 2 of the Dungeon.
             The game lasted 00:04:41 (1513 turns).

Descartes the Firebug (Deep Elf Wanderer)           Turns: 1513, Time: 00:04:42

Health: -2/15      AC:  2    Str:  9    XL:     2   Next: 58%
Magic:  6/7        EV: 11    Int: 15    God:
Gold:   70         SH:  0    Dex: 15    Spells: 0/5 levels left

rFire    . . .     SeeInvis .   a - +0 dagger
rCold    . . .     Gourm    .   (no shield)
rNeg     . . .     Faith    .   d - +0 robe
rPois    .         Spirit   .   (no helmet)
rElec    .         Reflect  .   (no cloak)
rCorr    .         Harm     .   (no gloves)
MR       .....                  (no boots)
Stlth    ++........             (no amulet)
HPRegen  0.05/turn              (no ring)
MPRegen  0.10/turn              (no ring)

@: no status effects
A: no striking features
a: no special abilities


You were on level 2 of the Dungeon.
You were hungry.

You visited 1 branch of the dungeon, and saw 2 of its levels.

You collected 70 gold pieces.

Inventory:

Hand Weapons
 a - a +0 dagger (weapon)
Missiles
 c - 7 boomerangs (quivered)
 e - 27 stones
 o - 2 boomerangs of dispersal
Armour
 d - a +0 robe (worn)
Jewellery
 m - an uncursed ring of ice
Scrolls
 b - a scroll of blinking {unknown}
 g - a scroll of fog {unknown}
 i - a scroll of random uselessness {unknown}
 j - a scroll of enchant armour {unknown}
 k - a scroll of remove curse {unknown}
 l - 2 scrolls of identify {unknown}
 n - a scroll of teleportation {unknown}
 p - 3 scrolls of amnesia {unknown}
Potions
 h - a potion of flight {unknown}
Comestibles
 f - 2 rations


   Skills:
 - Level 1.0 Throwing
 + Level 1.6 Stealth
 + Level 2.3 Spellcasting
 - Level 3.2 Transmutations
 + Level 3.7 Fire Magic
 - Level 1.1 Ice Magic
 + Level 0.0 Earth Magic
   Level 1.1 Evocations


You couldn't memorise any spells.
You knew the following spells:

 Your Spells              Type           Power        Failure   Level  Hunger
a - Foxfire               Conj/Fire      #...         10%         1    #......
b - Sandblast             Erth           #.....       21%         1    #......
c - Freeze                Ice            #...         14%         1    #......
d - Passwall              Tmut/Erth      #.......     16%         2    ###....

Your spell library contained the following spells:

 Spells                   Type           Power        Failure   Level  Hunger
 Conjure Flame            Conj/Fire      #.......     30%         3    ###....
 Ozocubu's Armour         Chrm/Ice       #.......     45%         3    ###....
 Stone Arrow              Conj/Erth      #.....       54%         3    ###....
 Petrify                  Tmut/Erth      #.......     71%         4    #####..
 Lee's Rapid Deconstruct  Erth           #.........   99%         5    ######.


Dungeon Overview and Level Annotations

Branches:
Dungeon (2/15)

Altars:


Message History

The bat closely misses you. The bat hits you.
You closely miss the bat. The bat hits you but does no damage. x2
The bat hits you.
You hit the bat.
You kill the bat!
No target in view!
HP restored.
The kobold is too close now for your liking.
The kobold hits you but does no damage.
You barely miss the kobold. The kobold closely misses you.
You hit the kobold but do no damage. The kobold hits you with a +0 whip!
Ouch! That really hurt!
You are too injured to fight recklessly!
You are too injured to fight recklessly!
You closely miss the kobold. The kobold hits you with a +0 whip.
* * * LOW HITPOINT WARNING * * *
Cast which spell? (? or * to list)
You conjure some foxfire!
The kobold hits you with a +0 whip.
You die...

##......... ..........##
#.........###..
#.......#..J... ###
####.#.#......... #
#...###<...#.........###.# .
......[.........##....... ..
#.......###.....##....#.#..#
#..............K@v....#.....
#...####......###v..........
#... #......## ####..##.##
### #......########....##.
.........................
..................######..
#####.....######### #.....#
#######


You could see a kobold.

Vanquished Creatures
  A dart slug (D:1)
  2 leopard geckos (D:1)
  A ball python (D:1)
  2 goblins (D:1)
  A hobgoblin (D:1)
  A kobold (D:1)
  3 bats
  4 rats (D:1)
15 creatures vanquished.

Vanquished Creatures (others)
  3 foxfires (D:1)
3 creatures vanquished.

Grand Total: 18 creatures vanquished

Notes
Turn   | Place    | Note
-------+----------+-------------------------------------------
     0 | D:1      | Descartes the Deep Elf Wanderer began the quest for the
                  | Orb.
     0 | D:1      | Descartes set off with the following items: a +0 dagger, a
                  | +0 robe, a ration; and the following spells available to
                  | memorise: Foxfire, Freeze, Passwall, Sandblast, Conjure
                  | Flame, Ozocubu's Armour, Stone Arrow, Petrify, Lee's Rapid
                  | Deconstruction
     0 | D:1      | Reached XP level 1. HP: 10/10 MP: 5/5
     2 | D:1      | Learned a level 1 spell: Foxfire
     4 | D:1      | Learned a level 1 spell: Sandblast
     6 | D:1      | Learned a level 1 spell: Freeze
   536 | D:1      | Reached skill level 1 in Stealth
   626 | D:1      | Reached XP level 2. HP: 8/15 MP: 7/7
  1314 | D:1      | Learned a level 2 spell: Passwall
  1513 | D:2      | Slain by a kobold

Illustrated notes

Levels and vault maps discovered:
D:1:      matt_arrival_los_fun, layout_basic
D:2:      layout_rooms, uniq_sigmund

Skill      XL: |  1 |
---------------+----+-----
Stealth        | 1 |  1.6
Spellcasting   | 2 |  2.3
Throwing       | |  1.0
Transmutations | |  3.2
Fire Magic     | |  3.7
Ice Magic      | |  1.1
Evocations     | |  1.1

Action                   || total
-------------------------++-------
Melee: Dagger            ||    57
 Cast: Foxfire           ||     3
 Stab: Sleeping          ||     2
  Eat: Chunk             ||     1
Armor: Robe              ||    14
Dodge: Dodged            ||    39
